 Dungeon Crawl Stone Soup version 0.17-a0-2064-g265a032 (webtiles) character file.

27 Shim the Charmwright (level 2, 0/19 HPs)
             Began as a High Elf Skald on Oct 12, 2015.
             Slain by an adder (4 damage)
             ... on level 2 of the Dungeon.
             The game lasted 00:08:18 (2115 turns).

Shim the Charmwright (High Elf Skald)               Turns: 2115, Time: 00:08:19

Health: 0/19       AC:  3    Str: 11    XL:     2   Next: 93%
Magic:  4/6        EV: 11    Int: 15    God:
Gold:   95         SH:  0    Dex: 14    Spells: 2 memorised, 3 levels left

rFire  . . .     SeeInvis .     a - +0 short sword
rCold  . . .     Clarity  .     b - +0 leather armour
rNeg   . . .     SustAt   .     (no shield)
rPois  .         Gourm    .     (no helmet)
rElec  .         Spirit   .     (no cloak)
rCorr  .         Warding  .     (no gloves)
rMut   .         Stasis   .     (no boots)
MR     .....                    (no amulet)
Stlth  ++........               (no ring)
                                (no ring)

@: lethally poisoned (0 -> -6), singing, not resistant to hostile enchantments,
unstealthy
A: no striking features
a: Stop Singing


You were on level 2 of the Dungeon.
You were not hungry.

You visited 1 branch of the dungeon, and saw 2 of its levels.

You collected 95 gold pieces.

Inventory:

Hand Weapons
 a - a +0 short sword (weapon)
Missiles
 k - 9 poisoned needles
 n - 2 stones (quivered)
Armour
 b - a +0 leather armour (worn)
Scrolls
 e - a scroll of recharging {unknown}
 f - 3 scrolls of identify {unknown}
 g - a scroll of magic mapping {unknown}
 i - 2 scrolls of remove curse {unknown}
 j - a scroll of blinking {unknown}
Potions
 h - 2 potions of invisibility {unknown}
 l - 2 potions of heal wounds {unknown}
 o - a potion of magic {unknown}
 p - a potion of agility {unknown}
Books
 c - a book of Battle

   Spells                             Type                      Level
   a - Infusion                       Charms                       1
   b - Shroud of Golubria             Charms/Translocation         2
   c - Song of Slaying                Charms                       2
   d - Spectral Weapon                Hexes/Charms                 3
   e - Regeneration                   Charms/Necromancy            3
Comestibles
 d - 2 bread rations
 m - 7 chunks of flesh


   Skills:
 + Level 2.1 Fighting
 + Level 2.7 Short Blades
 + Level 1.3 Armour
 + Level 1.3 Dodging
 * Level 1.2 Stealth
 + Level 2.5 Spellcasting
 + Level 3.9 Charms


You had 3 spell levels left.
You knew the following spells:

 Your Spells              Type           Power        Failure   Level  Hunger
a - Infusion              Chrm           ##....       6%          1    #......
b - Song of Slaying       Chrm           ##......     10%         2    ###....


Dungeon Overview and Level Annotations

Branches:
Dungeon (2/15)

Altars:


Message History

You hit the adder.
The adder is moderately wounded.
You feel sick. The kobold hits you. The adder bites you but does no damage.
You closely miss the adder.
The adder is moderately wounded.
The kobold barely misses you. The adder barely misses you.
You hit the adder.
The adder is heavily wounded.
The kobold closely misses you. The adder barely misses you.
You closely miss the adder.
The adder is heavily wounded.
The adder bites you.
You are lethally poisoned!
The adder poisons you! The kobold hits you.
* * * LOW HITPOINT WARNING * * *
You closely miss the adder.
The adder is heavily wounded.
* * * LOW HITPOINT WARNING * * *
You feel sick. The adder bites you.
You die...

#.#.+####+.#...#........#≈
##.#........#.#......#####≈
#..'########+.(.#.<>.....'.
#.............# #..#####.#≈
#..........#.## #.## #..#≈
#..(........<##... ....#≈
#.............#... ..#..##
#....((..K..............###
#.#(.....S@.....##.....<
.....#..#...##.### .. ...
..K.###.##.### .# ...
#.##.? ## (. #.#.... S
#....... .$#.##### #.#.


You could see an adder and a kobold.

Vanquished Creatures
  A giant gecko (D:1)
  3 hobgoblins (D:1)
  7 bats
  A giant cockroach (D:1)
  2 goblins (D:2)
  6 kobolds (D:1)
  9 rats (D:1)
  A plant (D:1)
30 creatures vanquished.

Notes
Turn   | Place    | Note
--------------------------------------------------------------
     0 | D:1      | Shim the High Elf Skald began the quest for the Orb.
     0 | D:1      | Reached XP level 1. HP: 14/14 MP: 4/4
   336 | D:1      | Reached skill level 1 in Armour
   707 | D:1      | Reached XP level 2. HP: 16/19 MP: 6/6
   711 | D:1      | Learned a level 2 spell: Song of Slaying
  1002 | D:1      | Reached skill level 1 in Stealth
  2115 | D:2      | Slain by an adder

Vault maps used:
D:1:      dpeg_arrival_refuge, serial_forest, infiniplex_forest_clump_large,
          infiniplex_forest_clump_diagonal, infiniplex_forest_end_2,
          infiniplex_forest_straight_4, infiniplex_forest_clump_tiny
D:2:      kennysheep_another_room, minivault_11, st_stairs_4,
          kennysheep_small_spiral, uniq_natasha

Action                   || total
-------------------------++-------
Melee: Short sword       ||   159
Throw: Stone             ||     8
 Cast: Song of Slaying   ||     5
 Stab: Sleeping          ||     3
  Eat: Chunk             ||     4
